 Dungeon Crawl Stone Soup version 0.30-a0-782-ge64f9170bb (webtiles) character file.

Game seed: 16751689640877411947

111 mopl the Slasher (level 4, -3/35 HPs)
             Began as a Merfolk Warper on Mar 6, 2023.
             Slain by Ijyb
             ... wielding a +0 dagger
              (6 damage)
             ... on level 3 of the Dungeon.
             The game lasted 00:03:46 (2554 turns).

mopl the Slasher (Merfolk Warper)                   Turns: 2554, Time: 00:03:47

Health: -3/35      AC:  3    Str: 13    XL:     4   Next: 92%
Magic:  7/7        EV: 12    Int: 12    God:
Gold:   142        SH:  0    Dex: 13    Spells: 1/8 levels left

rFire   . . .      SeeInvis .    a - +0 falchion
rCold   . . .      Faith    .    (no shield)
rNeg    . . .      Spirit   .    b - +0 leather armour
rPois   .          Reflect  .    (no helmet)
rElec   .          Harm     .    (no cloak)
rCorr   .          Rampage  .    (no gloves)
Will    .....                    (no boots)
Stlth   +                        (no amulet)
HPRegen 0.25/turn                (no ring)
MPRegen 0.10/turn                (no ring)

@: mighty, flying
A: (nimble swimmer 2), mertail, low MP 1
a: no special abilities


You were on level 3 of the Dungeon.
You visited 1 branch of the dungeon, and saw 3 of its levels.

You collected 142 gold pieces.

Inventory:

Hand Weapons
 a - a +0 falchion (weapon)
Missiles
 d - 7 boomerangs of dispersal (quivered)
 p - 2 poisoned darts
Armour
 b - a +0 leather armour (worn)
Jewellery
 h - a ring of fire
Scrolls
 c - a scroll of blinking
 e - 3 scrolls of identify {unknown}
 l - 2 scrolls of vulnerability {unknown}
 m - a scroll of enchant weapon {unknown}
 n - a scroll of enchant armour {unknown}
 q - a scroll of immolation {unknown}
Potions
 i - a potion of lignification {unknown}
 j - a potion of flight
 k - a potion of haste {unknown}
 o - a potion of heal wounds {unknown}


   Skills:
 + Level 3.0 Fighting
 * Level 4.1 Long Blades
 - Level 1.0 Throwing
 - Level 0.6 Armour
 - Level 2.6 Dodging
 + Level 2.6 Spellcasting
 + Level 3.0 Translocations


You had one spell level left.
You knew the following spells:

 Your Spells              Type           Power      Damage    Failure   Level
b - Lesser Beckoning      Tloc           16%        N/A       14%         2
e - Blink                 Tloc           16%        N/A       14%         2
t - Teleport Other        Tloc           8%         N/A       28%         3

Your spell library contained the following spells:

 Spells                   Type           Power      Damage    Failure   Level
 Vhi's Electric Charge    Tloc/Air       10%        N/A       45%         3
 Kindle Blastsparks       Fire/Tloc/Air  6%         2d10      54%         3
 Manifold Assault         Tloc           8%         N/A       67%         4
 Ignite Poison            Fire/Tmut/Pois 1%         N/A       69%         3
 Freezing Cloud           Conj/Ice/Air   0%         6-21      100%        5


Dungeon Overview and Level Annotations

Branches:
Dungeon (3/15)

Altars:

Annotations:
D:3 Ijyb


Innate Abilities, Weirdness & Mutations

((You are very nimble when in or above water. (Stealth+, EV+, Speed+++)))
Your lower body shifts to a powerful aquatic tail in water.
Your magical capacity is low. (-10% MP)


Message History

You hit Ijyb.
Ijyb is moderately wounded.
Ijyb hits you with a +0 dagger.
You closely miss Ijyb.
Ijyb is moderately wounded.
Ijyb hits you with a +0 dagger.
* * * LOW HITPOINT WARNING * * *
You hit Ijyb but do no damage.
Ijyb is moderately wounded.
Ijyb hits you with a +0 dagger.
* * * LOW HITPOINT WARNING * * *
You hit Ijyb but do no damage.
Ijyb is moderately wounded.
Ijyb barely misses you.
It was a potion of flight.
You feel very buoyant.
You fly up into the air.
Ijyb closely misses you.
It was a potion of mutation.
You feel extremely strange.
You feel less energetic. Ijyb hits you with a +0 dagger.
* * * LOW HITPOINT WARNING * * *
It was a potion of might.
You feel very mighty all of a sudden. Ijyb misses you.
You barely miss Ijyb.
Ijyb is moderately wounded.
Ijyb hits you with a +0 dagger.
* * * LOW HITPOINT WARNING * * *
You barely miss Ijyb.
Ijyb is moderately wounded.
Ijyb hits you with a +0 dagger.
* * * LOW HITPOINT WARNING * * *
You barely miss Ijyb.
Ijyb is moderately wounded.
Ijyb hits you with a +0 dagger.
* * * LOW HITPOINT WARNING * * *
You barely miss Ijyb.
Ijyb is moderately wounded.
Ijyb hits you with a +0 dagger.
You die...

#........#
###>.......#
##
#..........#
.#
#.#........#
.#
#.#........#
.#
##.#........#
.#
#..####.#####
.# #.## #.#
## ##.# #@#
### #..# #.g#
..# ###.##
#.... ..#
##...#
#...... ..#
#..###
#........ ..#
##.##
#........ ..#
#..#
......).. ###
#.##
......... #
#.#


You could see Ijyb.

Vanquished Creatures
  An orc wizard (D:3)
  3 adders
  A dart slug (D:1)
  7 orcs
  2 ball pythons
  3 bats
  5 endoplasms
  2 giant cockroaches
  4 goblins
  4 hobgoblins (D:1)
  2 jackals (D:2)
  2 quokkas (D:1)
  A frilled lizard (D:1)
  4 kobolds
  8 rats
49 creatures vanquished.

Notes
Turn   | Place    | Note
-------+----------+-------------------------------------------
     0 | D:1      | mopl the Merfolk Warper began the quest for the Orb.
     0 | D:1      | Reached XP level 1. HP: 16/16 MP: 3/3
   218 | D:1      | Reached XP level 2. HP: 23/23 MP: 5/5
   261 | D:1      | Learned a level 2 spell: Blink
   359 | D:1      | Reached skill level 3 in Long Blades
   887 | D:2      | Found a faded altar of an unknown god.
   973 | D:2      | Reached XP level 3. HP: 28/28 MP: 6/6
  1862 | D:3      | Learned a level 3 spell: Teleport Other
  1874 | D:3      | Reached XP level 4. HP: 22/34 MP: 7/7
  1924 | D:3      | Learned a level 2 spell: Lesser Beckoning
  2035 | D:3      | Reached skill level 4 in Long Blades
  2167 | D:3      | Reached skill level 3 in Fighting
  2387 | D:2      | Reached skill level 3 in Translocations
  2530 | D:3      | Noticed Ijyb
  2549 | D:3      | Gained mutation: Your magical capacity is low. (-10% MP)
                  | [potion of mutation]
  2554 | D:3      | Slain by Ijyb

Illustrated notes

Levels and vault maps discovered:
D:1:      grunt_arrival_lava_bath, layout_basic, hex_tiny
D:2:      layout_basic, shapermc_ecumenical_altar_pompeii
D:3:      layout_rooms, uniq_ijyb

Skill      XL: |  1  2  3  4 |
---------------+-------------+-----
Long Blades    | 3 4 |  4.1
Fighting       | 3 |  3.0
Translocations | 3 |  3.0
Throwing       | |  1.0
Armour         | |  0.6
Dodging        | |  2.6
Spellcasting   | |  2.6

Action                     |  1- 3 |  4- 6 || total
---------------------------+-------+-------++-------
  Melee: Falchion          |    90 |    80 ||   170
         Punch             |     3 |       ||     3
   Cast: Lesser Beckoning  |       |     2 ||     2
         Blink             |       |     1 ||     1
    Use: Potion            |       |     3 ||     3
 Armour: Leather armour    |    26 |    10 ||    36
  Dodge: Dodged            |    68 |    45 ||   113

Table legend: (Time is in decaauts)
 A = Elapsed time spent in this place.
 B = Non-inter-level travel time spent in this place.
 C = Inter-level travel time spent in this place.
 D = Time resting spent in this place.
 E = Time spent auto-exploring this place.
 F = Levels seen in this place.
 G = Mean time per level.
                   A        B        C        D        E       F      G
               +--------+--------+--------+--------+--------+-----+--------+
         Total |   2580 |   2465 |    115 |    557 |   1409 |   3 |  860.0 |
       Dungeon |   2580 |   2465 |    115 |    557 |   1409 |   3 |  860.0 |
               +--------+--------+--------+--------+--------+-----+--------+

Top non-repeatable levels by time:
     D:2: 1022 daAuts
     D:1: 891 daAuts
     D:3: 666 daAuts
